Workbook
Name _Hlk529352130: 調査票Ⅰ!#REF!
Name _Hlk529352130: '調査票Ⅱ-1'!$A$6
Name _Hlk529352130: '調査票Ⅱ-2'!$A$6
Name _Hlk529352130: '調査票Ⅱ-3'!#REF!
Name _Hlk529352130: '調査票Ⅲ-1'!$A$6
Name _Hlk529352130: '調査票Ⅲ-2'!$A$6
Name _Hlk529352130: 調査票Ⅳ!#REF!
Name _Hlk531100804: 調査票Ⅰ!#REF!
Name _Hlk531100804: '調査票Ⅱ-1'!#REF!
Name _Hlk531100804: '調査票Ⅱ-2'!#REF!
Name _Hlk531100804: '調査票Ⅱ-3'!#REF!
Name _Hlk531100804: '調査票Ⅲ-1'!#REF!
Name _Hlk531100804: '調査票Ⅲ-2'!#REF!
Name _Hlk531100804: 調査票Ⅳ!$A$88
Name _Hlk531113793: 調査票Ⅰ!#REF!
Name _Hlk531113793: '調査票Ⅱ-1'!#REF!
Name _Hlk531113793: '調査票Ⅱ-2'!#REF!
Name _Hlk531113793: '調査票Ⅱ-3'!#REF!
Name _Hlk531113793: '調査票Ⅲ-1'!#REF!
Name _Hlk531113793: '調査票Ⅲ-2'!#REF!
Name _Hlk531113793: 調査票Ⅳ!$A$69
Name _Hlk531113816: 調査票Ⅰ!#REF!
Name _Hlk531113816: '調査票Ⅱ-1'!#REF!
Name _Hlk531113816: '調査票Ⅱ-2'!#REF!
Name _Hlk531113816: '調査票Ⅱ-3'!#REF!
Name _Hlk531113816: '調査票Ⅲ-1'!#REF!
Name _Hlk531113816: '調査票Ⅲ-2'!#REF!
Name _Hlk531113816: 調査票Ⅳ!$A$69
Name _Hlk531196008: 調査票Ⅰ!#REF!
Name _Hlk531196008: '調査票Ⅱ-1'!#REF!
Name _Hlk531196008: '調査票Ⅱ-2'!#REF!
Name _Hlk531196008: '調査票Ⅱ-3'!#REF!
Name _Hlk531196008: '調査票Ⅲ-1'!#REF!
Name _Hlk531196008: '調査票Ⅲ-2'!#REF!
Name _Hlk531196008: 調査票Ⅳ!#REF!

Sheet 調査票Ⅰ
A1: 回答期限：令和２年12月10日（木） | Z1: 都道府県
A2: 令和２年度介護ロボット導入支援事業の実施状況調査
A4: 【基本情報】
B5: 都道府県名 | L5: 記入担当部署・係
B6: 連絡先 | G6: TEL： | O6: E-mail：
A8: Ⅰ． 地域医療介護総合確保基金による令和２年度「介護ロボット導入支援事業」の実施概況について
A9: 1 | B9: 「介護ロボット導入支援事業」を実施しましたか。 | G9: ① | H9: 令和２年度の実施状況
I10: 1．実施した | O10: 2．実施しなかった | AE10: 実施状況 | AF10: 0
G11: ② | H11: 「2．実施しなかった」を選択した場合、その理由を教えてください。
A13: 2 | B13: 「介護ロボット導入支援事業」を来年度実施する予定はありますか。 | H13: 1．来年度実施を予定している | AE13: 実施の予定はない | AF13: 0
H14: 2．実施の予定はない
A15: 3 | B15: 「ICT導入支援事業」を実施しましたか。 | G15: ① | H15: 令和元年度の実施状況
I16: 1．実施した | O16: 2．実施しなかった | AE16: 実施状況 | AF16: 0
G17: ② | H17: 令和２年度の実施状況
I18: 1．実施した | O18: 2．実施しなかった | AE18: 実施状況 | AF18: 0
H19: 「2．実施しなかった」理由を教えてください。
A21: 4 | B21: 「ICT導入支援事業」を来年度実施する予定はありますか。 | H21: 1．来年度実施を予定している | AE21: 実施の予定はない | AF21: 0
H22: 2．実施の予定はない
A23: 令和２年度「介護ロボット導入支援事業」を実施した都道府県は、以下の５～19もご回答ください。 令和２年度実施していないが、令和元年度に実施していた都道府県はⅡ-1へお進みください。 令和２年度、令和元年度、いずれも実施していない都道府県は、Ⅳへお進みください。
A24: 5 | B24: 令和２年度の事業の実施状況について、教えてください。 | G24: 公募開始時期 | N24: （ | P24: ）月（ | S24: ）日から
G25: 公募終了（予定）時期 | N25: （ | P25: ）月（ | S25: ）日まで
G26: ⇒追加募集を行った、または行う予定の場合はその実施状況についても教えてください。
G27: 追加公募開始（予定）時期 | N27: （ | P27: ）月（ | S27: ）日から
G28: 追加公募終了（予定）時期 | N28: （ | P28: ）月（ | S28: ）日まで
A29: ６ | B29: 令和２年度の補助対象の上限額の設定内容とその理由について教えてください。 ※令和２年度当初予算についてのみ回答してください | G29: 【上限額】国が示している基準（令和２年度当初予算） １機器あたり上限30万円 見守りセンサーの導入に伴う通信環境整備１事業所あたり上限150万円 補助上限台数１事業所あたり利用定員２割まで 事業主負担：対象経費の１／２
H30: 1．上記、国の基準のとおり | AE30: 上限額の基準 | AF30: 0
H31: 2．令和２年度当初予算による基準では実施していない
H32: 3．令和２年度補正予算発出後に基準を設定し実施
H33: 4．独自の基準である | N33: ↓具体的に
G35: 【理由】（あてはまる全てに☑を入れてください）
H36: 1．国の基準を基に実施しているため | R36: 4．その他 | U36: ↓具体的に | AE36: 理由 | AF36: FALSE | AG36: FALSE
H37: 2．予算が限られているため | AF37: FALSE
H38: 3．他の補助事業と同じ基準にしている | AF38: FALSE
A39: 7 | B39: 令和２年度の補助対象の上限額の設定内容とその理由について教えてください。 ※令和２年度補正予算についてのみ回答してください | G39: 【上限額】国が示している基準（令和２年度補正予算） 移乗支援（装着型・非装着型）、入浴支援は、1機器あたり上限100万円、その他は上限30万円 見守りセンサーの導入に伴う通信環境整備１事業所あたり上限750万円 補助上限台数：必要台数（制限の撤廃） 事業主負担：都道府県の裁量により設定（負担率は設定することを条件）
H40: 1．上記、国の基準のとおり | O40: → | P40: 事業者負担率 | T40: （ | W40: ）割 | AF40: 0
H41: 2．令和２年度補正予算による基準では実施していない | AE41: 上限額の基準
H42: 3．独自の基準である | N42: ↓具体的に
G45: 【理由】（あてはまる全てに☑を入れてください）
H46: 1．国の基準を基に実施しているため | R46: 4．その他 | U46: ↓具体的に | AE46: 理由 | AF46: FALSE | AG46: FALSE
H47: 2．予算が限られているため | AF47: FALSE
H48: 3．他の補助事業と同じ基準にしている | AF48: FALSE
A49: 8 | B49: 令和２年度の導入支援事業の対象とする「介護ロボット」を限定していますか。 | H49: 1．支援対象商品を限定していない | AF49: 0
H50: 2．支援対象商品を限定している
I51: → | J51: 支援対象としている「介護ロボット」の商品名・メーカー名をお答えください。
J52: また、限定しているのはどのような理由ですか。
I53: 商品名 | S53: メーカー名
H54: 1
H55: 2
H56: 3
H57: 4
H58: 5
H59: 6
H60: 7
H62: 理由
A63: 9 | B63: 令和２年度（11月末まで）に提出された介護ロボット導入計画は何件ですか。 | G63: 令和２年度当初予算に対する提出件数 | S63: 令和２年度補正予算に対する提出件数
I64: 合計（ | L64: ）件 | U64: 合計（ | X64: ）件
G65: 施設・居住系と在宅系の内訳 | S65: 施設・居住系と在宅系の内訳
H66: 施設・居住系の計画件数 | N66: （ | Q66: ）件 | S66: 施設・居住系の計画件数 | Y66: （ | AB66: ）件
H67: 在宅系の計画件数 | N67: （ | Q67: ）件 | T67: 在宅系の計画件数 | Y67: （ | AB67: ）件
A68: 10 | B68: 上記9のうち導入支援事業の対象として認めた計画は何件ですか。 | G68: 令和２年度当初予算に対して認めた件数 | S68: 令和２年度補正予算に対して認めた件数
I69: 合計（ | L69: ）件 | U69: 合計（ | X69: ）件
G70: 施設・居住系と在宅系の内訳 | S70: 施設・居住系と在宅系の内訳
H71: 施設・居住系の計画件数 | N71: （ | Q71: ）件 | S71: 施設・居住系の計画件数 | Y71: （ | AB71: ）件
H72: 在宅系の計画件数 | N72: （ | Q72: ）件 | T72: 在宅系の計画件数 | Y72: （ | AB72: ）件
A73: 11 | B73: 令和２年度（11月末まで）の応募状況および対応状況について教えてください。 | G73: 【応募状況】
H74: 1．予算額に満たない応募があった | AF74: 0
H75: 2．当初の予算額とほぼ同額の応募があった
H76: 3．当初の予算額を大きく超える応募があった
G77: 【対応状況】上記、応募状況を踏まえたその後の対応状況についても教えてください。
I78: 1．当初の予算内で対応できる範囲で採択した | AE78: その後 | AF78: 0
I79: 2．予算を増額して採択した
I80: 3．その他 | L80: （ | AC80: ）
A81: 12 | B81: 令和２年度（11月末まで）の応募の中で、認められない計画があった場合、どんな理由でしたか。 | H81: 1. | I81: 介護ロボットの技術的３要素（センサー系、知能・制御系、駆動系）を満たしていない | AE81: 認められない計画の理由 | AF81: 0
H82: 2．当初の予算額とほぼ同額の応募があった | I82: その他
G83: 理由
A84: 13 | B84: 上記10の件数は、令和元年度に対象と認めた件数の実績と比較して変動はありましたか。 | H84: 1．変わらない | N84: 2．増えた | S84: 3．減った | AE84: 前年度実績との比較 | AF84: 0
G85: ⇒その理由についても教えてください。（自由記述）
G86: 理由
A87: 14 | B87: 令和２年度執行見込額を記載ください。 | G87: （ | K87: ）千円
A88: 15 | B88: 介護ロボットの効果的な活用に関する支援を行っていますか。 | H88: １．介護事業所に対する業務改善支援事業で実施している | V88: →予算額（ | AB88: ）千円 | AE88: フォローアップ | AF88: 0
H89: ２．上記以外で実施している
H90: ３．実施していない
G91: ⇒どのような支援を行っていますか。（自由記述）（具体的に記載してください。）
A93: 16 | B93: 補助事業を円滑に遂行するために必要とする情報は何ですか。 | H93: 1．介護ロボットに関する機器情報 | S93: 5．介護ロボットに関するヒヤリハット情報 | AF93: FALSE | AG93: FALSE
H94: 2 | I94: 介護ロボットの対象範囲 | S94: 6．その他 | V94: ↓具体的に | AF94: FALSE | AG94: FALSE
H95: 3．介護ロボットの活用事例 | AF95: FALSE
H96: 4．展示会や研修会の開催情報 | AF96: FALSE
A97: 17 | B97: 令和２年度に介護ロボットを導入した事業所からはどのような意見が出ていますか。現在把握されている範囲で概況をお知らせください。 | G97: 肯定的意見 （自由記述）
G99: 課題指摘として （自由記述）
A101: 18 | B101: 導入の好事例となりそうな導入計画がありましたら事例をご紹介下さい。また、関係書類を添付してください。 | G101: 事例１ | H101: 施設名：
H102: 好事例と判断した理由
H103: (例) | J103: ・導入にあたり、工夫が見られる
J104: ・効果的に利用されている（使用頻度が高い）
J105: ・利用者やその家族に好評である
J106: 等、どのような点で好事例と判断したのか理由を詳しく記載してください。
G108: 事例２ | H108: 施設名：
H109: 好事例と判断した理由
G111: 事例３ | H111: 施設名：
H112: 好事例と判断した理由
A114: 19 | B114: 次年度（令和３年度）以降は「介護ロボット導入支援事業」をどのように実施したいとお考えですか。 | H114: 1．今年と同様に実施 | AE114: 次年度以降の介護ロボット導入支援事業 | AF114: 0
...

Sheet 調査票Ⅱ-1
A1: Ⅱ．令和元年度 地域医療介護総合確保基金による「介護ロボット導入支援事業」の実績について
A2: 「令和元年度実施していない」都道府県は、回答不要です。Ⅲ-1へお進みください。
A3: 1 | B3: 令和元年度の地域医療介護総合確保基金による「介護ロボット導入支援事業」の実績をご記入ください。 施設・居住系サービスへの導入実績を事業所ごとに、事業所名、所在地（市町村）、サービス種別、支援金額、支援分野※、導入機種名、メーカー名、導入台数を下記の表にご記入ください。
A4: ※ | B4: 支援分野は、①移乗支援、②移動支援、③排泄支援、④見守り、⑤コミュニケーション、⑥入浴支援、⑦介護業務支援のいずれかの番号を記載してください。
A5: 施設・居住系サービス
B6: 事業所名 | C6: 所在地 （市町村） | D6: サービス 種別 | E6: 支援金額 （円） | F6: 支援 分野※ | G6: 導入機種名 | H6: メーカー名 | I6: 導入台数
A8: 1 | J8: 台
A9: =A8+1 -> 2 | J9: 台
A10: =A9+1 -> 3 | J10: 台
A11: =A10+1 -> 4 | J11: 台
A12: =A11+1 -> 5 | J12: 台
A13: =A12+1 -> 6 | J13: 台
A14: =A13+1 -> 7 | J14: 台
A15: =A14+1 -> 8 | J15: 台
A16: =A15+1 -> 9 | J16: 台
A17: =A16+1 -> 10 | J17: 台
A18: =A17+1 -> 11 | J18: 台
A19: =A18+1 -> 12 | J19: 台
A20: =A19+1 -> 13 | J20: 台
... A107: =A106+1 -> 100 | J107: 台

Sheet 調査票Ⅱ-2
A1: Ⅱ．令和元年度 地域医療介護総合確保基金による「介護ロボット導入支援事業」の実績について
A2: 「令和元年度実施していない」都道府県は、回答不要です。Ⅲへお進みください。
A3: ２ | B3: 令和元年度の地域医療介護総合確保基金による「介護ロボット導入支援事業」の実績をご記入ください。 在宅系サービスへの導入実績を事業所ごとに、事業所名、所在地（市町村）、サービス種別、支援金額、支援分野※、導入機種名、メーカー名、導入台数を下記の表にご記入ください。
A4: ※ | B4: 支援分野は、①移乗支援、②移動支援、③排泄支援、④見守り、⑤コミュニケーション、⑥入浴支援、⑦介護業務支援のいずれかの番号を記載してください。
A5: 在宅系サービス
B6: 事業所名 | C6: 所在地 （市町村） | D6: サービス 種別 | E6: 支援金額 （円） | F6: 支援 分野※ | G6: 導入機種名 | H6: メーカー名 | I6: 導入台数
A8: 1 | J8: 台
A9: =A8+1 -> 2 | J9: 台
A10: =A9+1 -> 3 | J10: 台
A11: =A10+1 -> 4 | J11: 台
A12: =A11+1 -> 5 | J12: 台
A13: =A12+1 -> 6 | J13: 台
A14: =A13+1 -> 7 | J14: 台
A15: =A14+1 -> 8 | J15: 台
A16: =A15+1 -> 9 | J16: 台
A17: =A16+1 -> 10 | J17: 台
A18: =A17+1 -> 11 | J18: 台
A19: =A18+1 -> 12 | J19: 台
A20: =A19+1 -> 13 | J20: 台
... A107: =A106+1 -> 100 | J107: 台

Sheet 調査票Ⅱ-3
A1: Ⅱ．令和元年度 地域医療介護総合確保基金による「介護ロボット導入支援事業」の実績について
A2: 「令和元年度実施していない」都道府県は、回答不要です。Ⅲ-1へお進みください。
A3: ３． | B3: 令和元年度の地域医療介護総合確保基金による「介護ロボット導入支援事業」の内容について
A4: ① | B4: 令和元年度の補助対象の上限額の設定内容とその理由について教えてください。 | G4: 【上限額】 国が示している基準（平成30年度から）：1機器につき補助額は30万円を上限とし、60万円未満のものは価格に二分の一を乗じて得た額を上限とする。
H5: 1．上記、国の基準のとおり | AE5: 上限額の基準 | AF5: 0
H6: 2．独自の基準である | N6: →具体的に
G8: 【理由】（あてはまる全てに☑を入れてください）
H9: 1．国の基準を基に実施しているため | R9: 4．その他 | U9: ↓具体的に | AE9: 理由 | AF9: FALSE | AG9: FALSE
H10: 2．予算が限られているため | AF10: FALSE
H11: 3．他の補助事業と同じ基準にしている | AF11: FALSE
A12: ② | B12: 応募があった計画件数を教えてください。 | I12: 合計（ | L12: ）件
G13: 施設・居住系と在宅系の内訳
H14: 施設・居住系の計画件数 | N14: （ | Q14: ）件 | T14: 在宅系の計画件数 | Y14: （ | AB14: ）件
A15: ③ | B15: 令和元年度執行額を教えてください。
G16: （ | K16: ）千円

Sheet 調査票Ⅲ-1
A1: Ⅲ．令和２年度 「介護ロボット導入支援事業」で事業採択された導入計画全体の概要について
A2: 令和２年度「実施していない」都道府県は、回答不要です。Ⅳへお進みください。
A3: １ | B3: 令和２年度(11月末まで）に採択された導入計画についてご記入ください。 施設・居住系サービスへの導入実績を事業所ごとに、予算区分（当初予算または補正予算）、事業所名、所在地（市町村）、サービス種別、支援金額、支援分野、導入機種名、メーカー名、導入台数を下の表にご記入ください。
A4: ※ | B4: 支援分野は、①移乗支援、②移動支援、③排泄支援、④見守り、⑤コミュニケーション、⑥入浴支援、⑦介護業務支援、⑧Wi-Fi工事、⑨インカムのいずれかの番号を記載してください。
A5: 施設・居住系サービス
B6: 予算区分 (当初/補正) | C6: 事業所名 | D6: 所在地 （市町村） | E6: サービス 種別 | F6: 支援金額 （円） | G6: 支援 分野※ | H6: 導入機種名 | I6: メーカー名 | J6: 導入台数
A8: 1 | K8: 台
A9: =A8+1 -> 2 | K9: 台
A10: =A9+1 -> 3 | K10: 台
A11: =A10+1 -> 4 | K11: 台
A12: =A11+1 -> 5 | K12: 台
A13: =A12+1 -> 6 | K13: 台
A14: =A13+1 -> 7 | K14: 台
A15: =A14+1 -> 8 | K15: 台
A16: =A15+1 -> 9 | K16: 台
A17: =A16+1 -> 10 | K17: 台
A18: =A17+1 -> 11 | K18: 台
A19: =A18+1 -> 12 | K19: 台
A20: =A19+1 -> 13 | K20: 台
... A107: =A106+1 -> 100 | K107: 台

Sheet 調査票Ⅲ-2
A1: Ⅲ．令和２年度 「介護ロボット導入支援事業」で事業採択された導入計画全体の概要について
A2: 令和２年度「実施していない」都道府県は、回答不要です。Ⅳへお進みください。
A3: ２ | B3: 令和２年度(11月末まで）に採択された導入計画についてご記入ください。 在宅系サービスへの導入実績を事業所ごとに、予算区分（当初予算または補正予算）、事業所名、所在地（市町村）、サービス種別、支援金額、支援分野、導入機種名、メーカー名、導入台数を下の表にご記入ください。
A4: ※ | B4: 支援分野は、①移乗支援、②移動支援、③排泄支援、④見守り、⑤コミュニケーション、⑥入浴支援、⑦介護業務支援、⑧Wi-Fi工事、⑨インカムのいずれかの番号を記載してください。
A5: 在宅系サービス
B6: 予算区分 (当初/補正) | C6: 事業所名 | D6: 所在地 （市町村） | E6: サービス 種別 | F6: 支援金額 （円） | G6: 支援 分野※ | H6: 導入機種名 | I6: メーカー名 | J6: 導入台数
A8: 1 | K8: 台
A9: =A8+1 -> 2 | K9: 台
A10: =A9+1 -> 3 | K10: 台
A11: =A10+1 -> 4 | K11: 台
A12: =A11+1 -> 5 | K12: 台
A13: =A12+1 -> 6 | K13: 台
A14: =A13+1 -> 7 | K14: 台
A15: =A14+1 -> 8 | K15: 台
A16: =A15+1 -> 9 | K16: 台
A17: =A16+1 -> 10 | K17: 台
A18: =A17+1 -> 11 | K18: 台
A19: =A18+1 -> 12 | K19: 台
A20: =A19+1 -> 13 | K20: 台
... A107: =A106+1 -> 100 | K107: 台

Sheet 調査票Ⅳ
A1: Ⅳ．その他の介護ロボット開発・普及の促進に関する事業について
A2: 1 | B2: 地域医療介護総合確保基金による「介護ロボット導入支援事業」以外に実施している介護ロボット開発・普及の促進に関する事業を実施していますか。
B3: １．実施した | G3: ２．実施していない（令和３年度実施予定がある） | U3: ３．実施していない | AF3: 0
A4: 2 | B4: 介護ロボット開発・普及の促進に関する事業の内容等についてお知らせください。 また、管内の区市町村が独自に実施している事業についても、把握している範囲でお知らせください。
A5: （１）開発に関する支援事業について
C6: 令和元年度 | L6: 令和２年度 | U6: 令和３年度
A7: 開発 支援1 | C7: 事業名 | L7: 事業名 | U7: 事業名
C8: 執行額 | J8: 千円 | L8: 予算額 | S8: 千円 | U8: 予算額 | AB8: 千円
C9: 事業内容 | L9: 事業内容 | U9: 事業内容
C10: 対 象 者 | L10: 対 象 者 | U10: 対 象 者
C11: 対象人数 (対象社数) | L11: 対象人数 (対象社数) | U11: 対象人数 (対象社数)
C12: 実績 | L12: 実績見込み | U12: 予定
A13: 開発 支援2 | C13: 事業名 | L13: 事業名 | U13: 事業名
C14: 執行額 | J14: 千円 | L14: 予算額 | S14: 千円 | U14: 予算額 | AB14: 千円
C15: 事業内容 | L15: 事業内容 | U15: 事業内容
C16: 対 象 者 | L16: 対 象 者 | U16: 対 象 者
C17: 対象人数 (対象社数) | L17: 対象人数 (対象社数) | U17: 対象人数 (対象社数)
C18: 実績 | L18: 実績見込み | U18: 予定
A19: 開発 支援3 | C19: 事業名 | L19: 事業名 | U19: 事業名
C20: 執行額 | J20: 千円 | L20: 予算額 | S20: 千円 | U20: 予算額 | AB20: 千円
C21: 事業内容 | L21: 事業内容 | U21: 事業内容
C22: 対 象 者 | L22: 対 象 者 | U22: 対 象 者
C23: 対象人数 (対象社数) | L23: 対象人数 (対象社数) | U23: 対象人数 (対象社数)
C24: 実績 | L24: 実績見込み | U24: 予定
A25: 開発 支援4 | C25: 事業名 | L25: 事業名 | U25: 事業名
C26: 執行額 | J26: 千円 | L26: 予算額 | S26: 千円 | U26: 予算額 | AB26: 千円
C27: 事業内容 | L27: 事業内容 | U27: 事業内容
C28: 対 象 者 | L28: 対 象 者 | U28: 対 象 者
C29: 対象人数 (対象社数) | L29: 対象人数 (対象社数) | U29: 対象人数 (対象社数)
C30: 実績 | L30: 実績見込み | U30: 予定
A32: （２）導入に関する支援事業について
C33: 令和元年度 | L33: 令和２年度 | U33: 令和３年度
A34: 導入 支援1 | C34: 事業名 | L34: 事業名 | U34: 事業名
C35: 執行額 | J35: 千円 | L35: 予算額 | S35: 千円 | U35: 予算額 | AB35: 千円
C36: 事業内容 | L36: 事業内容 | U36: 事業内容
C37: 対 象 者 | L37: 対 象 者 | U37: 対 象 者
C38: 対象人数 (対象社数) | L38: 対象人数 (対象社数) | U38: 対象人数 (対象社数)
C39: 実績 | L39: 実績見込み | U39: 予定
A40: 導入 支援2 | C40: 事業名 | L40: 事業名 | U40: 事業名
C41: 執行額 | J41: 千円 | L41: 予算額 | S41: 千円 | U41: 予算額 | AB41: 千円
C42: 事業内容 | L42: 事業内容 | U42: 事業内容
C43: 対 象 者 | L43: 対 象 者 | U43: 対 象 者
C44: 対象人数 (対象社数) | L44: 対象人数 (対象社数) | U44: 対象人数 (対象社数)
C45: 実績 | L45: 実績見込み | U45: 予定
A47: （３）普及・啓発に関する支援事業について
C48: 令和元年度 | L48: 令和２年度 | U48: 令和３年度
A49: 普及・啓発 支援1 | C49: 事業名 | L49: 事業名 | U49: 事業名
C50: 執行額 | J50: 千円 | L50: 予算額 | S50: 千円 | U50: 予算額 | AB50: 千円
C51: 事業内容 | L51: 事業内容 | U51: 事業内容
C52: 対 象 者 | L52: 対 象 者 | U52: 対 象 者
C53: 対象人数 (対象社数) | L53: 対象人数 (対象社数) | U53: 対象人数 (対象社数)
C54: 実績 | L54: 実績見込み | U54: 予定
A55: 普及・啓発 支援2 | C55: 事業名 | L55: 事業名 | U55: 事業名
C56: 執行額 | J56: 千円 | L56: 予算額 | S56: 千円 | U56: 予算額 | AB56: 千円
C57: 事業内容 | L57: 事業内容 | U57: 事業内容
C58: 対 象 者 | L58: 対 象 者 | U58: 対 象 者
C59: 対象人数 (対象社数) | L59: 対象人数 (対象社数) | U59: 対象人数 (対象社数)
C60: 実績 | L60: 実績見込み | U60: 予定
A61: 普及・啓発 支援3 | C61: 事業名 | L61: 事業名 | U61: 事業名
C62: 執行額 | J62: 千円 | L62: 予算額 | S62: 千円 | U62: 予算額 | AB62: 千円
C63: 事業内容 | L63: 事業内容 | U63: 事業内容
C64: 対 象 者 | L64: 対 象 者 | U64: 対 象 者
C65: 対象人数 (対象社数) | L65: 対象人数 (対象社数) | U65: 対象人数 (対象社数)
C66: 実績 | L66: 実績見込み | U66: 予定
A68: Ⅴ．福祉用具・介護ロボットを展示している施設の設置状況について
A69: 1 | B69: 管内に設置している介護実習・普及センターの現状について、施設名、住所、展示商品数等について教えてください。 なお、施設の名称が介護実習・普及センターではないが、同様の目的・機能を有する施設が設置されている場合にも回答してください。 また、介護ロボットを展示している場合には、介護ロボットの分野、商品名、展示数も教えてください。（別シート）
A70: ※介護実習・普及センターとは
A71: 地域住民への介護知識・介護技術の普及を図るとともに、「高齢社会は国民全体で支えるもの」という考え方を地域住民に啓発することを目的に平成４年度から介護実習・普及センター事業として設置された施設です。介護機器の展示や相談体制を整備し、介護機器の普及を図っています。
B72: 施設名 | G72: 住所 | L72: 設置者 | O72: 運営者 | R72: 運営費に対する公的資金の投入有無 | V72: 介護ロボット展示の有無 ※「1.有」の場合は商品名等も回答
A73: 1 | S73: １．有 | W73: １．有 | Y73: ⇒ | Z73: 商品名等記入シート （Ⅴ1_1） | AF73: 0 | AG73: 0
S74: ２．無 | W74: ２．無
A75: 2 | S75: １．有 | W75: １．有 | Y75: ⇒ | Z75: 商品名等記入シート （Ⅴ1_2） | AF75: 0 | AG75: 0 | BC75: 1
S76: ２．無 | W76: ２．無
A77: ２ | B77: 上記以外に管内で地域の方向けに福祉用具・介護ロボットを常設展示している施設がありましたら、施設名、住所等について教えてください。
B78: 施設名 | G78: 住所 | L78: 設置者 | O78: 運営者 | R78: 運営費に対する公的資金の 投入有無 | Y78: 商品名等も回答
A79: 1 | S79: １．有 | V79: ２．無 | Y79: 商品名等記入シート （Ⅴ2_1） | AF79: 0
A81: 2 | S81: １．有 | V81: ２．無 | Y81: 商品名等記入シート （Ⅴ2_2） | AF81: 0
A83: 3 | S83: １．有 | V83: ２．無 | Y83: 商品名等記入シート （Ⅴ2_3） | AF83: 0
A85: 4 | S85: １．有 | V85: ２．無 | Y85: 商品名等記入シート （Ⅴ2_4） | AF85: 0
A88: Ⅵ.その他、介護ロボットに関するイベントや会議等の開催状況について
A89: １ | B89: 令和２年度に管内で開催された（または予定）の介護ロボットの展示等を含むイベントの名称等について、把握している範囲で教えてください。 ※厚生労働省「介護ロボットの普及拠点事業」介護ロボット地域フォーラム2020の開催は除きます。
B90: イベント名称 | J90: 開催日 | M90: 開催場所 （市町村） | P90: 主催者 | T90: 来場者 | W90: 出展者数 | Z90: 運営費に対する公的資金の投入有無
A91: 1 | AA91: １．有 | AF91: 0
V92: 人 | Y92: 社 | AA92: ２．無
A93: 2 | AA93: １．有 | AF93: 0
V94: 人 | Y94: 社 | AA94: ２．無
A95: 3 | AA95: １．有 | AF95: 0
V96: 人 | Y96: 社 | AA96: ２．無
A97: 4 | AA97: １．有 | AF97: 0
V98: 人 | Y98: 社 | AA98: ２．無
A99: 5 | AA99: １．有 | AF99: 0
V100: 人 | Y100: 社 | AA100: ２．無
A101: 6 | AA101: １．有 | AF101: 0
V102: 人 | Y102: 社 | AA102: ２．無
A103: ２ | B103: 管内において、介護ロボット等の介護機器の開発に向けた、介護現場と開発企業による意見交換の場はありますか。把握している範囲で教えてください。
A104: ※厚生労働省委託事業における介護ロボットのニーズ・シーズ連携協調協議会は除きます。
B105: 会議体の名称 | J105: 事務局 | P105: 開催頻度 | S105: 介護現場 | W105: 開発企業 | Z105: その他
J106: （団体・組織名） | P106: （月1回程度など） | S106: 参加施設・事業者数 | W106: 参加企業数 | Z106: 教育機関・自治体など
A107: 1 | V107: 件 | Y107: 社 | AC107: 件
A108: 2 | V108: 件 | Y108: 社 | AC108: 件
...

Sheet Ⅴ1_1
V1: ①移乗支援
D2: 商品名等記入シート（Ⅴ１_1） | R2: 調査票に戻る | V2: ②移動支援
V3: ③排泄支援
E4: 施設名 | J4: 住所 | O4: 設置者 | R4: 運営者 | V4: ④見守り
B5: ↓列非表示にする | C5: ↓列非表示にする | D5: 1 | E5: =調査票Ⅳ!B73 -> 0 | J5: =調査票Ⅳ!G73 -> 0 | O5: =調査票Ⅳ!L73 -> 0 | R5: =調査票Ⅳ!O73 -> 0 | V5: ⑤コミュニケーション
V6: ⑥入浴支援
B7: どの程度入力があるかわからないので、 | D7: 上記施設に展示されている介護ロボットの商品名、重点分野、展示数を教えてください。 | V7: ⑦介護業務支援
B8: 行ごとコピーすればローデータまとめられるようにしました。 | D8: 重点分野は、①移乗支援、②移動支援、③排泄支援、④見守り、⑤コミュニケーション、⑥入浴支援、⑦介護業務支援、⑧その他のいずれかの番号を記載してください。 | V8: ⑧その他
B10: R1シート：都道府県名 | C10: 施設名 | E10: 商品名 | O10: 重点分野 | R10: 展示数 | V10: ↑列非表示にする
B11: =調査票Ⅰ!$G$5 -> 0 | C11: =$E$5 -> 0 | D11: 1 | T11: 点
B12: =調査票Ⅰ!$G$5 -> 0 | C12: =$E$5 -> 0 | D12: 2 | T12: 点
B13: =調査票Ⅰ!$G$5 -> 0 | C13: =$E$5 -> 0 | D13: 3 | T13: 点
B14: =調査票Ⅰ!$G$5 -> 0 | C14: =$E$5 -> 0 | D14: 4 | T14: 点
B15: =調査票Ⅰ!$G$5 -> 0 | C15: =$E$5 -> 0 | D15: 5 | T15: 点
B16: =調査票Ⅰ!$G$5 -> 0 | C16: =$E$5 -> 0 | D16: 6 | T16: 点
B17: =調査票Ⅰ!$G$5 -> 0 | C17: =$E$5 -> 0 | D17: 7 | T17: 点
B18: =調査票Ⅰ!$G$5 -> 0 | C18: =$E$5 -> 0 | D18: 8 | T18: 点
B19: =調査票Ⅰ!$G$5 -> 0 | C19: =$E$5 -> 0 | D19: 9 | T19: 点
B20: =調査票Ⅰ!$G$5 -> 0 | C20: =$E$5 -> 0 | D20: 10 | T20: 点
B21: =調査票Ⅰ!$G$5 -> 0 | C21: =$E$5 -> 0 | D21: 11 | T21: 点
B22: =調査票Ⅰ!$G$5 -> 0 | C22: =$E$5 -> 0 | D22: 12 | T22: 点
... B30: =調査票Ⅰ!$G$5 -> 0 | C30: =$E$5 -> 0 | D30: 20 | T30: 点
D31: ※行が不足する場合は適宜、追加してください。

Sheet Ⅴ1_2
V1: ①移乗支援
D2: 商品名等記入シート（Ⅴ１_2） | R2: 調査票に戻る | V2: ②移動支援
V3: ③排泄支援
E4: 施設名 | J4: 住所 | O4: 設置者 | R4: 運営者 | V4: ④見守り
B5: ↓列非表示にする | C5: ↓列非表示にする | D5: 1 | E5: =調査票Ⅳ!B75 -> 0 | J5: =調査票Ⅳ!G75 -> 0 | O5: =調査票Ⅳ!L75 -> 0 | R5: =調査票Ⅳ!O75 -> 0 | V5: ⑤コミュニケーション
V6: ⑥入浴支援
B7: どの程度入力があるかわからないので、 | D7: 上記施設に展示されている介護ロボットの商品名、重点分野、展示数を教えてください。 | V7: ⑦介護業務支援
B8: 行ごとコピーすればローデータまとめられるようにしました。 | D8: 重点分野は、①移乗支援、②移動支援、③排泄支援、④見守り、⑤コミュニケーション、⑥入浴支援、⑦介護業務支援、⑧その他のいずれかの番号を記載してください。 | V8: ⑧その他
B10: R1シート：都道府県名 | C10: 施設名 | E10: 商品名 | O10: 重点分野 | R10: 展示数 | V10: ↑列非表示にする
B11: =調査票Ⅰ!$G$5 -> 0 | C11: =$E$5 -> 0 | D11: 1 | T11: 点
B12: =調査票Ⅰ!$G$5 -> 0 | C12: =$E$5 -> 0 | D12: 2 | T12: 点
B13: =調査票Ⅰ!$G$5 -> 0 | C13: =$E$5 -> 0 | D13: 3 | T13: 点
B14: =調査票Ⅰ!$G$5 -> 0 | C14: =$E$5 -> 0 | D14: 4 | T14: 点
B15: =調査票Ⅰ!$G$5 -> 0 | C15: =$E$5 -> 0 | D15: 5 | T15: 点
B16: =調査票Ⅰ!$G$5 -> 0 | C16: =$E$5 -> 0 | D16: 6 | T16: 点
B17: =調査票Ⅰ!$G$5 -> 0 | C17: =$E$5 -> 0 | D17: 7 | T17: 点
B18: =調査票Ⅰ!$G$5 -> 0 | C18: =$E$5 -> 0 | D18: 8 | T18: 点
B19: =調査票Ⅰ!$G$5 -> 0 | C19: =$E$5 -> 0 | D19: 9 | T19: 点
B20: =調査票Ⅰ!$G$5 -> 0 | C20: =$E$5 -> 0 | D20: 10 | T20: 点
B21: =調査票Ⅰ!$G$5 -> 0 | C21: =$E$5 -> 0 | D21: 11 | T21: 点
B22: =調査票Ⅰ!$G$5 -> 0 | C22: =$E$5 -> 0 | D22: 12 | T22: 点
... B30: =調査票Ⅰ!$G$5 -> 0 | C30: =$E$5 -> 0 | D30: 20 | T30: 点
D31: ※行が不足する場合は適宜、追加してください。

Sheet Ⅴ2_1
V1: ①移乗支援
D2: 商品名等記入シート（Ⅴ2_1） | R2: 調査票に戻る | V2: ②移動支援
V3: ③排泄支援
E4: 施設名 | J4: 住所 | O4: 設置者 | R4: 運営者 | V4: ④見守り
B5: ↓列非表示にする | C5: ↓列非表示にする | D5: 1 | E5: =調査票Ⅳ!B79 -> 0 | J5: =調査票Ⅳ!G79 -> 0 | O5: =調査票Ⅳ!L79 -> 0 | R5: =調査票Ⅳ!O79 -> 0 | V5: ⑤コミュニケーション
V6: ⑥入浴支援
B7: どの程度入力があるかわからないので、 | D7: 上記施設に展示されている介護ロボットの商品名、重点分野、展示数を教えてください。 | V7: ⑦介護業務支援
B8: 行ごとコピーすればローデータまとめられるようにしました。 | D8: 重点分野は、①移乗支援、②移動支援、③排泄支援、④見守り、⑤コミュニケーション、⑥入浴支援、⑦介護業務支援、⑧その他のいずれかの番号を記載してください。 | V8: ⑧その他
B10: R1シート：都道府県名 | C10: 施設名 | E10: 商品名 | O10: 重点分野 | R10: 展示数 | V10: ↑列非表示にする
B11: =調査票Ⅰ!$G$5 -> 0 | C11: =$E$5 -> 0 | D11: 1 | T11: 点
B12: =調査票Ⅰ!$G$5 -> 0 | C12: =$E$5 -> 0 | D12: 2 | T12: 点
B13: =調査票Ⅰ!$G$5 -> 0 | C13: =$E$5 -> 0 | D13: 3 | T13: 点
B14: =調査票Ⅰ!$G$5 -> 0 | C14: =$E$5 -> 0 | D14: 4 | T14: 点
B15: =調査票Ⅰ!$G$5 -> 0 | C15: =$E$5 -> 0 | D15: 5 | T15: 点
B16: =調査票Ⅰ!$G$5 -> 0 | C16: =$E$5 -> 0 | D16: 6 | T16: 点
B17: =調査票Ⅰ!$G$5 -> 0 | C17: =$E$5 -> 0 | D17: 7 | T17: 点
B18: =調査票Ⅰ!$G$5 -> 0 | C18: =$E$5 -> 0 | D18: 8 | T18: 点
B19: =調査票Ⅰ!$G$5 -> 0 | C19: =$E$5 -> 0 | D19: 9 | T19: 点
B20: =調査票Ⅰ!$G$5 -> 0 | C20: =$E$5 -> 0 | D20: 10 | T20: 点
B21: =調査票Ⅰ!$G$5 -> 0 | C21: =$E$5 -> 0 | D21: 11 | T21: 点
B22: =調査票Ⅰ!$G$5 -> 0 | C22: =$E$5 -> 0 | D22: 12 | T22: 点
... B30: =調査票Ⅰ!$G$5 -> 0 | C30: =$E$5 -> 0 | D30: 20 | T30: 点
D31: ※行が不足する場合は適宜、追加してください。

Sheet Ⅴ2_2
V1: ①移乗支援
D2: 商品名等記入シート（Ⅴ2_2） | R2: 調査票に戻る | V2: ②移動支援
V3: ③排泄支援
E4: 施設名 | J4: 住所 | O4: 設置者 | R4: 運営者 | V4: ④見守り
B5: ↓列非表示にする | C5: ↓列非表示にする | D5: 1 | E5: =調査票Ⅳ!B81 -> 0 | J5: =調査票Ⅳ!G81 -> 0 | O5: =調査票Ⅳ!L81 -> 0 | R5: =調査票Ⅳ!O81 -> 0 | V5: ⑤コミュニケーション
V6: ⑥入浴支援
B7: どの程度入力があるかわからないので、 | D7: 上記施設に展示されている介護ロボットの商品名、重点分野、展示数を教えてください。 | V7: ⑦介護業務支援
B8: 行ごとコピーすればローデータまとめられるようにしました。 | D8: 重点分野は、①移乗支援、②移動支援、③排泄支援、④見守り、⑤コミュニケーション、⑥入浴支援、⑦介護業務支援、⑧その他のいずれかの番号を記載してください。 | V8: ⑧その他
B10: R1シート：都道府県名 | C10: 施設名 | E10: 商品名 | O10: 重点分野 | R10: 展示数 | V10: ↑列非表示にする
B11: =調査票Ⅰ!$G$5 -> 0 | C11: =$E$5 -> 0 | D11: 1 | T11: 点
B12: =調査票Ⅰ!$G$5 -> 0 | C12: =$E$5 -> 0 | D12: 2 | T12: 点
B13: =調査票Ⅰ!$G$5 -> 0 | C13: =$E$5 -> 0 | D13: 3 | T13: 点
B14: =調査票Ⅰ!$G$5 -> 0 | C14: =$E$5 -> 0 | D14: 4 | T14: 点
B15: =調査票Ⅰ!$G$5 -> 0 | C15: =$E$5 -> 0 | D15: 5 | T15: 点
B16: =調査票Ⅰ!$G$5 -> 0 | C16: =$E$5 -> 0 | D16: 6 | T16: 点
B17: =調査票Ⅰ!$G$5 -> 0 | C17: =$E$5 -> 0 | D17: 7 | T17: 点
B18: =調査票Ⅰ!$G$5 -> 0 | C18: =$E$5 -> 0 | D18: 8 | T18: 点
B19: =調査票Ⅰ!$G$5 -> 0 | C19: =$E$5 -> 0 | D19: 9 | T19: 点
B20: =調査票Ⅰ!$G$5 -> 0 | C20: =$E$5 -> 0 | D20: 10 | T20: 点
B21: =調査票Ⅰ!$G$5 -> 0 | C21: =$E$5 -> 0 | D21: 11 | T21: 点
B22: =調査票Ⅰ!$G$5 -> 0 | C22: =$E$5 -> 0 | D22: 12 | T22: 点
... B30: =調査票Ⅰ!$G$5 -> 0 | C30: =$E$5 -> 0 | D30: 20 | T30: 点
D31: ※行が不足する場合は適宜、追加してください。

Sheet Ⅴ2_3
V1: ①移乗支援
D2: 商品名等記入シート（Ⅴ2_3） | R2: 調査票に戻る | V2: ②移動支援
V3: ③排泄支援
E4: 施設名 | J4: 住所 | O4: 設置者 | R4: 運営者 | V4: ④見守り
B5: ↓列非表示にする | C5: ↓列非表示にする | D5: 1 | E5: =調査票Ⅳ!B83 -> 0 | J5: =調査票Ⅳ!G83 -> 0 | O5: =調査票Ⅳ!L83 -> 0 | R5: =調査票Ⅳ!O83 -> 0 | V5: ⑤コミュニケーション
V6: ⑥入浴支援
B7: どの程度入力があるかわからないので、 | D7: 上記施設に展示されている介護ロボットの商品名、重点分野、展示数を教えてください。 | V7: ⑦介護業務支援
B8: 行ごとコピーすればローデータまとめられるようにしました。 | D8: 重点分野は、①移乗支援、②移動支援、③排泄支援、④見守り、⑤コミュニケーション、⑥入浴支援、⑦介護業務支援、⑧その他のいずれかの番号を記載してください。 | V8: ⑧その他
B10: R1シート：都道府県名 | C10: 施設名 | E10: 商品名 | O10: 重点分野 | R10: 展示数 | V10: ↑列非表示にする
B11: =調査票Ⅰ!$G$5 -> 0 | C11: =$E$5 -> 0 | D11: 1 | T11: 点
B12: =調査票Ⅰ!$G$5 -> 0 | C12: =$E$5 -> 0 | D12: 2 | T12: 点
B13: =調査票Ⅰ!$G$5 -> 0 | C13: =$E$5 -> 0 | D13: 3 | T13: 点
B14: =調査票Ⅰ!$G$5 -> 0 | C14: =$E$5 -> 0 | D14: 4 | T14: 点
B15: =調査票Ⅰ!$G$5 -> 0 | C15: =$E$5 -> 0 | D15: 5 | T15: 点
B16: =調査票Ⅰ!$G$5 -> 0 | C16: =$E$5 -> 0 | D16: 6 | T16: 点
B17: =調査票Ⅰ!$G$5 -> 0 | C17: =$E$5 -> 0 | D17: 7 | T17: 点
B18: =調査票Ⅰ!$G$5 -> 0 | C18: =$E$5 -> 0 | D18: 8 | T18: 点
B19: =調査票Ⅰ!$G$5 -> 0 | C19: =$E$5 -> 0 | D19: 9 | T19: 点
B20: =調査票Ⅰ!$G$5 -> 0 | C20: =$E$5 -> 0 | D20: 10 | T20: 点
B21: =調査票Ⅰ!$G$5 -> 0 | C21: =$E$5 -> 0 | D21: 11 | T21: 点
B22: =調査票Ⅰ!$G$5 -> 0 | C22: =$E$5 -> 0 | D22: 12 | T22: 点
... B30: =調査票Ⅰ!$G$5 -> 0 | C30: =$E$5 -> 0 | D30: 20 | T30: 点
D31: ※行が不足する場合は適宜、追加してください。

Sheet Ⅴ2_4
V1: ①移乗支援
D2: 商品名等記入シート（Ⅴ2_4） | R2: 調査票に戻る | V2: ②移動支援
V3: ③排泄支援
E4: 施設名 | J4: 住所 | O4: 設置者 | R4: 運営者 | V4: ④見守り
B5: ↓列非表示にする | C5: ↓列非表示にする | D5: 1 | E5: =調査票Ⅳ!B85 -> 0 | J5: =調査票Ⅳ!G85 -> 0 | O5: =調査票Ⅳ!L85 -> 0 | R5: =調査票Ⅳ!O85 -> 0 | V5: ⑤コミュニケーション
V6: ⑥入浴支援
B7: どの程度入力があるかわからないので、 | D7: 上記施設に展示されている介護ロボットの商品名、重点分野、展示数を教えてください。 | V7: ⑦介護業務支援
B8: 行ごとコピーすればローデータまとめられるようにしました。 | D8: 重点分野は、①移乗支援、②移動支援、③排泄支援、④見守り、⑤コミュニケーション、⑥入浴支援、⑦介護業務支援、⑧その他のいずれかの番号を記載してください。 | V8: ⑧その他
B10: R1シート：都道府県名 | C10: 施設名 | E10: 商品名 | O10: 重点分野 | R10: 展示数 | V10: ↑列非表示にする
B11: =調査票Ⅰ!$G$5 -> 0 | C11: =$E$5 -> 0 | D11: 1 | T11: 点
B12: =調査票Ⅰ!$G$5 -> 0 | C12: =$E$5 -> 0 | D12: 2 | T12: 点
B13: =調査票Ⅰ!$G$5 -> 0 | C13: =$E$5 -> 0 | D13: 3 | T13: 点
B14: =調査票Ⅰ!$G$5 -> 0 | C14: =$E$5 -> 0 | D14: 4 | T14: 点
B15: =調査票Ⅰ!$G$5 -> 0 | C15: =$E$5 -> 0 | D15: 5 | T15: 点
B16: =調査票Ⅰ!$G$5 -> 0 | C16: =$E$5 -> 0 | D16: 6 | T16: 点
B17: =調査票Ⅰ!$G$5 -> 0 | C17: =$E$5 -> 0 | D17: 7 | T17: 点
B18: =調査票Ⅰ!$G$5 -> 0 | C18: =$E$5 -> 0 | D18: 8 | T18: 点
B19: =調査票Ⅰ!$G$5 -> 0 | C19: =$E$5 -> 0 | D19: 9 | T19: 点
B20: =調査票Ⅰ!$G$5 -> 0 | C20: =$E$5 -> 0 | D20: 10 | T20: 点
B21: =調査票Ⅰ!$G$5 -> 0 | C21: =$E$5 -> 0 | D21: 11 | T21: 点
B22: =調査票Ⅰ!$G$5 -> 0 | C22: =$E$5 -> 0 | D22: 12 | T22: 点
... B30: =調査票Ⅰ!$G$5 -> 0 | C30: =$E$5 -> 0 | D30: 20 | T30: 点
D31: ※行が不足する場合は適宜、追加してください。
